Construct Light Support Kompanie
le.IG 18 Support Gun Team
Panzerjäger Mechanized Group
Selects Panzerjäger Kommand Battlegroup
Selects GrB 39 Grenade Launcher Requisition
le.IG 18 Support Gun Team
Construct Panzerarmee Kommand
Walking Stuka Rocket Launcher
Selects Defensive Positions
Selects Butterfly Bomb Drop
Construct Mechanized Kompanie
Flak 36 Anti-tank Gun Team
Selects Crew Shock Tactics
Selects Anti-tank Overwatch